 Dungeon Crawl Stone Soup version 0.29-a0-338-g1ff7896281 (webtiles) character file.

Game seed: 10386269011122169348

442 spaghetti the Ducker (level 6, 0/49 HPs)
             Began as a Deep Dwarf Fire Elementalist on Apr 18, 2022.
             Was a Priest of Lugonu.
             Succumbed to an orc wizard's poison
             ... on level 5 of the Dungeon.
             The game lasted 00:11:33 (6023 turns).

spaghetti the Ducker (Deep Dwarf Fire Elementalist) Turns: 6023, Time: 00:11:33

Health: 0/49       AC:  3    Str:  9 (11) XL:     6   Next: 71%
Magic:  2/9        EV: 13    Int: 18      God:    Lugonu [***...]
Gold:   157        SH:  0    Dex: 10 (13) Spells: 8/9 levels left

rFire   . . .      SeeInvis .   n - +3 short sword (elec) {short}
rCold   . . .      Faith    .   (no shield)
rNeg    . . .      Spirit   .   a - +0 robe
rPois   .          Reflect  .   (no helmet)
rElec   .          Harm     .   (no cloak)
rCorr   .          Rampage  .   (no gloves)
Will    .....                   x - +0 pair of boots
Stlth   ++........              (no amulet)
HPRegen 0.00/turn               (no ring)
MPRegen 0.11/turn               (no ring)

@: lethally poisoned (0 -> -7), very slightly contaminated
A: damage resistance, heal wounds, sense surroundings 2, no regeneration, claws
1
a: Heal Wounds, Renounce Religion, Depart the Abyss, Bend Space, Banish


You were on level 5 of the Dungeon.
You worshipped Lugonu.
Lugonu was most pleased with you.
You visited 1 branch of the dungeon, and saw 5 of its levels.

You collected 157 gold pieces.


Innate Abilities, Weirdness & Mutations

You are resistant to damage.
You can heal yourself by infusing magical energy.
You passively map the area around you.
You do not regenerate.
You have sharp fingernails.


   Skills:
 * Level 4.6 Armour
 * Level 5.3 Dodging
 - Level 2.4 Stealth
 - Level 2.0 Spellcasting
 - Level 0.8 Conjurations
 - Level 2.6 Fire Magic
 + Level 3.4 Invocations


You had 8 spell levels left.
You knew the following spells:

 Your Spells              Type           Power      Damage    Failure   Level
a - Foxfire               Conj/Fire      32%        2x1d5     9%          1

Your spell library contained the following spells:

 Spells                   Type           Power      Damage    Failure   Level
 Scorch                   Fire           22%        2d6       9%          2
 Animate Skeleton         Necr           2%         N/A       19%         1
 Apportation              Tloc           2%         N/A       19%         1
 Summon Small Mammal      Summ           4%         N/A       19%         1
 Ensorcelled Hibernation  Hex/Ice        2%         N/A       26%         2
 Conjure Flame            Conj/Fire      8%         6-21      26%         3
 Inner Flame              Hex/Fire       6%         N/A       30%         3
 Spider Form              Tmut/Pois      1%         N/A       47%         3
 Summon Guardian Golem    Hex/Summ       1%         N/A       47%         3
 Flame Wave               Conj/Fire      8%         2d5       65%         4
 Anguish                  Hex/Necr       0%         N/A       87%         4
 Orb of Destruction       Conj           2%         9d5       100%        7
 Spellforged Servitor     Conj/Summ      1%         N/A       100%        7

Inventory:

Hand Weapons
 b - a +0 short sword of draining {short}
   (You took it off a kobold on level 2 of the Dungeon)
 c - a +0 whip {mace}
   (You took it off a kobold on level 1 of the Dungeon)
 i - a +0 short sword {short}
   (You took it off a kobold on level 1 of the Dungeon)
 j - a +0 mace {mace}
   (You found it on level 1 of the Dungeon)
 k - a +0 dagger {short}
   (You took it off a goblin on level 1 of the Dungeon)
 l - a +0 club {mace}
   (You took it off a goblin on level 1 of the Dungeon)
 n - a +3 short sword of electrocution (weapon) {short}
   (You found it on level 2 of the Dungeon)
 o - a +0 whip {mace}
   (You took it off a kobold on level 1 of the Dungeon)
 q - a +0 war axe {axe}
   (You found it on level 1 of the Dungeon)
 s - a +0 dagger {short}
   (You found it on level 1 of the Dungeon)
Missiles
 d - 127 stones {throwing}
 e - 3 javelins {throwing}
 g - 21 poisoned darts {throwing}
 K - 3 boomerangs of dispersal {=f!fthrowing}
Armour
 a - a +0 robe (worn)
 x - a +0 pair of boots (worn)
   (You found it on level 2 of the Dungeon)
Magical Staves
 A - a staff of conjuration {!a@e2staff}
   (You found it on level 3 of the Dungeon)
Wands
 y - a wand of polymorph (7)
   (You took it off Jessica on level 3 of the Dungeon)
 C - a wand of mindburst (9)
   (You found it on level 3 of the Dungeon)
 E - a wand of digging (7)
   (You found it on level 4 of the Dungeon)
 F - a wand of iceblast (10)
   (You found it on level 4 of the Dungeon)
 H - a wand of flame (19)
   (You found it on level 4 of the Dungeon)
Scrolls
 h - 6 scrolls of identify {@r1}
 m - 2 scrolls of teleportation {@r4}
 p - a scroll of noise {unknown}
 u - 3 scrolls of amnesia {unknown}
 v - a scroll of fog {unknown}
 w - a scroll of enchant armour {unknown}
 I - a scroll of brand weapon {unknown}
Potions
 z - 2 potions of might
 G - a potion of cancellation

Dungeon Overview and Level Annotations

Branches:
Dungeon (5/15)             Temple (0/1) D:4

Altars:
Kikubaaqudgha
Lugonu

Shops:
D:3 (

Annotations:
D:2 1 runed translucent door, Crazy Yiuf
D:4 exclusion: downstairs

#.###########.#, #.#
, ,#.#.. ** #.#
#.#.. * #.#,* ,
#.#.. , , #.# * *
#.#.# * #.# , ..
#.#.#
###.#######..##.#.#,
.............##o#v#
###............o@v#
#............o)v#
#...............# **
** * **
##..............# *,
, , , ,
#.....[.......##
*,** **
#....#......... ,
#....###.######## ,
#......))).......,
** ** *
#....###......... ,
, ,


You could see 2 orc wizards and an orc (ally target).


Message History

The orc wizard casts a spell at you.
You easily resist. 😮 MP[-1]
You lost 1 mp, and now have 7/9 mp.
Casting: Foxfire (safe; 9% risk of failure)
Confirm with . or Enter, or press ? or * to list all spells.
You conjure some foxfire!
The orc hits you with a +0 club. The orc barely misses you.
An orc comes into view. It is wielding a +0 dagger.
The orc wizard hits you with a +0 dagger of venom. 😮 HP[-2] MP[-1]
You take 2 damage, and now have 27/49 hp.
You lost 1 mp, and now have 6/9 mp.
Casting: Foxfire (safe; 9% risk of failure)
Confirm with . or Enter, or press ? or * to list all spells.
You conjure some foxfire!
The foxfire hits the orc. x2
You kill the orc!
Lugonu accepts your kill. The orc hits you with a +0 hand axe.
* * * LOW HITPOINT WARNING * * *
The orc hits your foxfire with a +0 hand axe.
The orc wizard hits you but does no damage.
You are poisoned.
The foxfire hits the orc wizard. 😨 HP[-4] MP[-1]
You take 4 damage, and now have 23/49 hp.
You lost 1 mp, and now have 5/9 mp.
Casting: Foxfire (safe; 9% risk of failure)
Confirm with . or Enter, or press ? or * to list all spells.
You conjure some foxfire!
The orc wizard hits you but does no damage.
You are more poisoned.
The orc hits you with a +0 hand axe. 😨 MP[-1]
You lost 1 mp, and now have 4/9 mp.
Unknown command.
Unknown command.
Casting: Foxfire (safe; 9% risk of failure)
Confirm with . or Enter, or press ? or * to list all spells.
You conjure some foxfire!
The orc barely misses you.
The orc hits your foxfire with a +0 hand axe.
The orc wizard closely misses you.
The orc wizard barely misses you. 😨 MP[-1]
You lost 1 mp, and now have 3/9 mp.
Unknown command.
Unknown command.
You barely miss the orc wizard.
The foxfire hits the orc wizard but does no damage. x2
The foxfire hits the orc wizard.
The foxfire hits the orc wizard but does no damage.
The orc barely misses you.
The orc wizard hits you with a +0 dagger.
The orc wizard hits you with a +0 dagger of venom.
* * * LOW HITPOINT WARNING * * *
You are more poisoned. 😨 HP[-1]
You take 1 damage, and now have 22/49 hp.
Unknown command.
Unknown command.
You hit the orc wizard. The orc wizard barely misses you.
The orc misses you. 😨 MP[+1]
You puncture the orc! Lightning courses through the orc!
You kill the orc!
Lugonu accepts your kill. The orc hits you with a +0 hand axe.
* * * LOW HITPOINT WARNING * * *
The orc wizard hits you with a +0 dagger of venom.
* * * LOW HITPOINT WARNING * * *
You are more poisoned. 😨 HP[-4]
You take 4 damage, and now have 18/49 hp.
Unknown command.
Casting: Foxfire (safe; 9% risk of failure)
Confirm with . or Enter, or press ? or * to list all spells.
You conjure some foxfire!
You feel sick. The orc wizard closely misses you.
The orc hits you with a +0 hand axe.
* * * LOW HITPOINT WARNING * * *
The orc hits your foxfire with a +0 hand axe.
The orc wizard points at you and mumbles some strange words.
The puff of flame hits you.
* * * LOW HITPOINT WARNING * * *
😱 HP[-7] MP[-1]
You take 7 damage, and now have 11/49 hp.
You lost 1 mp, and now have 3/9 mp.
Casting: Foxfire (safe; 9% risk of failure)
Confirm with . or Enter, or press ? or * to list all spells.
You conjure some foxfire!
The foxfire hits the orc wizard.
The orc hits you with a +0 hand axe.
The orc wizard hits you with a +0 dagger of venom.
* * * LOW HITPOINT WARNING * * *
You are more poisoned.
The orc wizard hits you with a +0 dagger.
* * * LOW HITPOINT WARNING * * *
😱 HP[-4] MP[-1]
You take 4 damage, and now have 7/49 hp.
You lost 1 mp, and now have 2/9 mp.
Okay, then.
Okay, then.
You hit the orc.
You die...

Skill      XL: |  1  2  3  4  5  6 |
---------------+-------------------+-----
Armour         | 1 2 3 4 |  4.6
Spellcasting   | 2 |  2.0
Dodging        | 3 4 5 |  5.3
Invocations    | 1 2 3 |  3.4
Stealth        | |  2.4
Conjurations   | |  0.8
Fire Magic     | |  2.6

Action                   |  1- 3 |  4- 6 || total
-------------------------+-------+-------++-------
Melee: Unarmed           |    16 |       ||    16
       Short sword       |     8 |    64 ||    72
       Whip              |     3 |       ||     3
       Punch             |     1 |       ||     1
 Cast: Foxfire           |   115 |   109 ||   224
 Abil: Heal Wounds       |       |     2 ||     2
Evoke: Wand              |       |     2 ||     2
  Use: Potion            |     4 |    10 ||    14
       Scroll            |       |     2 ||     2
Armor: Robe              |     6 |    17 ||    23
       Skin              |     7 |       ||     7
Dodge: Dodged            |    28 |    60 ||    88

Levels and vault maps discovered:
D:1:      shiori_shiawase, layout_loops_cross,
          ebering_ecumenical_altar_petrified
D:2:      layout_basic, basic_altar, uniq_crazy_yiuf_cottage
D:3:      layout_loops_corners, serial_shops, nicolae_shop_trees, serial_glass,
          glass_columns_a, glass_columns_a, uniq_jessica
D:4:      wad_lake_hut, layout_layer_cave, minmay_temple_entry_junction_2
D:5:      layout_basic, hangedman_decor_push, uniq_ijyb

Notes
Turn   | Place    | Note
-------+----------+-------------------------------------------
     0 | D:1      | spaghetti the Deep Dwarf Fire Elementalist began the quest
                  | for the Orb.
     0 | D:1      | Reached XP level 1. HP: 15/15 MP: 3/3
     0 | D:1      | magus.rc [v1.9.6]
   257 | D:1      | You pick up a book of Dangerous Friends and begin
                  | reading...
   257 | D:1      | You add the spells Summon Guardian Golem, Orb of
                  | Destruction and Spellforged Servitor to your library.
   488 | D:1      | Reached skill level 1 in Armour
   489 | D:1      | Reached XP level 2. HP: 22/22 MP: 0/4
   734 | D:1      | Reached skill level 2 in Spellcasting
   882 | D:1      | You pick up a book of Dreams and begin reading...
   882 | D:1      | You add the spells Ensorcelled Hibernation, Spider Form and
                  | Anguish to your library.
   934 | D:1      | Found a faded altar of an unknown god.
   954 | D:1      | Prayed at the altar of an unknown god.
   954 | D:1      | Became a worshipper of Lugonu the Unformed
   954 | D:1      | Reached * piety under Lugonu
   954 | D:1      | Reached ** piety under Lugonu
  1370 | D:2      | Found an ancient bone altar of Kikubaaqudgha.
  1470 | D:2      | Reached skill level 3 in Dodging
  1470 | D:2      | Reached XP level 3. HP: 28/28 MP: 0/6
  1575 | D:2      | Reached skill level 2 in Armour
  1633 | D:2      | Reached skill level 1 in Invocations
  2316 | D:2      | Found a runed translucent door.
  2317 | D:2      | Noticed Crazy Yiuf
  2890 | D:3      | Reached XP level 4. HP: 36/36 MP: 5/7
  2897 | D:3      | You pick up a book of Cantrips and begin reading...
  2897 | D:3      | You add the spells Animate Skeleton, Summon Small Mammal
                  | and Apportation to your library.
  3087 | D:3      | Found Ybri Eme's Antique Weapon Emporium.
  3104 | D:3      | Noticed Jessica
  3111 | D:3      | Killed Jessica
  3332 | D:3      | Reached skill level 3 in Armour
  3332 | D:3      | Reached skill level 4 in Dodging
  3332 | D:3      | Reached skill level 2 in Invocations
  3332 | D:3      | Reached XP level 5. HP: 36/42 MP: 2/8
  4427 | D:4      | HP: 10/42 [orc priest/nerve-wracking pain (6)]
  4846 | D:4      | Found a staircase to the Ecumenical Temple.
  5291 | D:4      | magus.rc [v1.9.6]
  5394 | D:5      | Entered Level 5 of the Dungeon
  5490 | D:5      | Noticed an ogre
  5493 | D:5      | Reached *** piety under Lugonu
  5649 | D:5      | Reached skill level 4 in Armour
  5649 | D:5      | Reached skill level 3 in Invocations
  5649 | D:5      | Reached XP level 6. HP: 48/49 MP: 6/9
  5720 | D:5      | Reached skill level 5 in Dodging
  5722 | D:5      | HP: 12/49 [gnoll/+0 whip (6)]
  5725 | D:5      | Gained mutation: You have sharp fingernails. [potion of
                  | mutation]
  5725 | D:5      | Gained mutation: You passively map the area around you.
                  | [potion of mutation]
  5937 | D:5      | HP: 10/49 [orc priest/divine providence (9)]
  6021 | D:5      | HP: 11/49 [orc wizard/puff of flame (2)]
  6023 | D:5      | Succumbed to an orc wizard's poison

Vanquished Creatures
  A howler monkey (D:5)
  3 orc priests
  Jessica (D:3)
  A gnoll shaman (D:5)
  An iguana (D:4)
  An orc wizard (D:3)
  7 gnolls
  2 adders
  4 worms
  2 dart slugs (D:2)
  14 orcs
  4 ball pythons
  5 bats
  3 endoplasms
  9 goblins
  2 hobgoblins
  8 jackals
  4 quokkas
  4 frilled lizards
  11 kobolds
  4 rats
91 creatures vanquished.

Vanquished Creatures (collateral kills)
  A foxfire (D:4)
1 creature vanquished.

Vanquished Creatures (others)
  An orc wizard (D:3)
  360 foxfires
  2 plants (D:4)
363 creatures vanquished.

Grand Total: 455 creatures vanquished

Table legend:
 A = Non-vault XP
 B = Vault XP
 C = Vault XP percentage of total XP
 D = Non-vault monster count
 E = Vault monster count
 F = Vault count percentage of total count
                 A         B        C        D         E       F
            +---------+---------+-------+---------+---------+-------
      Total |     595 |      37 |   5.9 |      91 |       1 |   1.1
            +---------+---------+-------+---------+---------+-------
        D:1 |      30 |       0 |   0.0 |      19 |       0 |   0.0
        D:2 |      58 |       0 |   0.0 |      20 |       0 |   0.0
        D:3 |      83 |      37 |  30.8 |      18 |       1 |   5.3
        D:4 |     153 |       0 |   0.0 |      13 |       0 |   0.0
        D:5 |     271 |       0 |   0.0 |      21 |       0 |   0.0
            +---------+---------+-------+---------+---------+-------

Illustrated notes

Table legend:
 A = Kills in this place as a percentage of kills in entire the game.
 B = Kills by you in this place as a percentage of kills by you in the entire game.
 C = Kills by friends in this place as a percentage of kills by friends in the entire game.
 D = Other kills in this place as a percentage of other kills in the entire game.
 E = Experience gained in this place as a percentage of experience gained in the entire game.
 F = Experience gained in this place divided by the number of levels of this place that you have seen.
                   A       B       C       D       E      F
               +-------+-------+-------+-------+-------+----------------------
         Total | 100.0 | 100.0 |   N/A | 100.0 | 100.0 | 126.4
       Dungeon | 100.0 | 100.0 |   N/A | 100.0 | 100.0 | 126.4
               +-------+-------+-------+-------+-------+----------------------

Table legend: (Time is in decaauts)
 A = Elapsed time spent in this place.
 B = Non-inter-level travel time spent in this place.
 C = Inter-level travel time spent in this place.
 D = Time resting spent in this place.
 E = Time spent auto-exploring this place.
 F = Levels seen in this place.
 G = Mean time per level.
                   A        B        C        D        E       F      G
               +--------+--------+--------+--------+--------+-----+--------+
         Total |   6058 |   5914 |    144 |    525 |   4463 |   5 | 1211.6 |
       Dungeon |   6058 |   5914 |    144 |    525 |   4463 |   5 | 1211.6 |
               +--------+--------+--------+--------+--------+-----+--------+

Top non-repeatable levels by time:
     D:4: 1487 daAuts
     D:3: 1380 daAuts
     D:1: 1342 daAuts
     D:2: 1311 daAuts
     D:5: 537 daAuts
